 Dungeon Crawl Stone Soup version 0.16-a0-3115-g4870798 (webtiles) character file.

499 Fyery the Sneak (level 6, -1/38 HPs)
             Began as a High Elf Enchanter on Dec 13, 2014.
             Was an Initiate of Vehumet.
             Killed from afar by an orc wizard (5 damage)
             ... with a puff of flame
             ... on level 4 of the Dungeon.
             The game lasted 00:22:35 (5402 turns).

Fyery the Sneak (High Elf Enchanter)                Turns: 5402, Time: 00:22:35

Health: -1/38      AC:  3    Str:  9    XL:     6   Next: 94%
Magic:  9/18       EV: 20    Int: 18    God:    Vehumet [......]
Gold:   115        SH:  0    Dex: 22    Spells: 4 memorised, 7 levels left

rFire  . . .     SeeInvis .     i - +2 short sword (speed)
rCold  . . .     Clarity  .     b - +1 robe
rNeg   . . .     SustAb   .     (no shield)
rPois  .         Gourm    .     (no helmet)
rElec  .         Spirit   .     (no cloak)
rCorr  .         Warding  .     (no gloves)
rMut   .         Stasis   .     (no boots)
MR     .....                    (no amulet)
Stlth  ++++......               (no ring)
                                (no ring)

@: agile, not resistant to hostile enchantments, stealthy
A: no striking features
a: Renounce Religion


You were on level 4 of the Dungeon.
You worshipped Vehumet.
Vehumet was noncommittal.
You were not hungry.

You visited 1 branch of the dungeon, and saw 4 of its levels.

You collected 115 gold pieces.

Inventory:

Hand weapons
 a - a +2 dagger
 e - a +2 spear of freezing
 i - a +2 short sword of speed (weapon)
Armour
 b - a +1 robe (worn)
Jewellery
 h - an uncursed ring of protection from fire
Magical devices
 q - a wand of fire (2)
 r - a wand of confusion (21)
 u - a wand of frost (0)
Scrolls
 g - a scroll of remove curse
 m - 4 scrolls of identify
Potions
 l - a potion of haste
 v - a potion of might {unknown}
Books
 c - a book of Maledictions

   Spells                             Type                      Level
   a - Corona                         Hexes                        1
   b - Sure Blade                     Hexes/Charms                 2
   c - Ensorcelled Hibernation        Hexes/Ice                    2
   d - Confuse                        Hexes                        3
   e - Dazzling Spray                 Conjuration/Hexes            3
   f - Enslavement                    Hexes                        4
 k - a book of Envenomations

   Spells                             Type                      Level
   a - Spider Form                    Transmutation/Poison         3
   b - Alistair's Intoxication        Transmutation/Poison         4
   c - Olgreb's Toxic Radiance        Poison                       4
   d - Poisonous Cloud                Conjuration/Poison/Air       6
 p - a book of Frost

   Spells                             Type                      Level
   a - Freeze                         Ice                          1
   b - Throw Frost                    Conjuration/Ice              2
   c - Ozocubu's Armour               Charms/Ice                   3
   d - Throw Icicle                   Conjuration/Ice              4
   e - Summon Ice Beast               Ice/Summoning                4
   f - Condensation Shield            Ice                          4
 s - a book of Transfigurations

   Spells                             Type                      Level
   a - Stoneskin                      Transmutation/Earth          2
   b - Irradiate                      Conjuration/Transmutation    5
   c - Statue Form                    Transmutation/Earth          6
   d - Hydra Form                     Transmutation                6
   e - Dragon Form                    Transmutation                7
Comestibles
 d - 2 bread rations
 f - 3 meat rations
 n - 2 chunks of flesh
 o - 2 beef jerkies
 t - 2 royal jellies
 A - a fruit


   Skills:
 + Level 1.5 Fighting
 * Level 3.2 Short Blades
 + Level 3.7 Dodging
 + Level 5.0 Stealth
 + Level 4.2 Spellcasting
 + Level 4.5 Hexes
 + Level 0.2 Charms
 + Level 1.0 Ice Magic


You had 7 spell levels left.
You knew the following spells:

 Your Spells              Type           Power        Failure   Level  Hunger
a - Corona                Hex            ###....      1%          1    None
b - Sure Blade            Hex/Chrm       ##........   12%         2    ##.....
c - Ensorcelled Hibernat  Hex/Ice        ##....       10%         2    ##.....
e - Freeze                Ice            #...         12%         1    None


Dungeon Overview and Level Annotations

Branches:
Dungeon (4/15)
 Temple: D:4-7

Altars:
Elyvilon
Makhleb
Vehumet
Xom


Message History

* * * LOW HITPOINT WARNING * * *
Drink which item? (? for menu, Esc to quit)
You feel better.
Something hits you but does no damage. x2
Something hits you but does no damage.
You closely miss something.
You hear some strange, mumbled words.
The magic dart hits you!
* * * LOW HITPOINT WARNING * * *
You closely miss something. Something hits you but does no damage.
You miss something. Something hits you but does no damage.
You miss something. Something hits you.
* * * LOW HITPOINT WARNING * * *
Drink which item? (? for menu, Esc to quit)
It was a potion of agility.
You feel agile all of a sudden.
You hear some strange, mumbled words.
A puff of flame appears from out of thin air!
The puff of flame hits you!
You die...

.........#......#
#.....#
........##....#.###
#.....#
...#.#..##.#......#
#.....#
..................#
#.....#
.....##...#.......#
.....
......###.#.......#
.o. ......#
#.........# #o#
......##..##......#
### #.#
..........##....@.#
... #.#
......###.##......##.#
#.# .....## .
###..###..# ###.#
.....## #. #...#..#
#.((# ......#
#.###.#...# #.###
....>.# #...#.##..#
#.# ......##
#...##..#####.#
.......#
##..##..#.....#
.......###
##.......#####


There were no monsters in sight!

Vanquished Creatures
  2 ogres (D:4)
  A crimson imp (D:3)
  A jelly (D:3)
  A centaur skeleton (D:4)
  An orc wizard (D:4)
  A worker ant (D:3)
  An iguana (D:4)
  7 adders
  2 worms
  An adder zombie (D:3)
  8 giant geckos
  5 orcs (D:4)
  8 bats
  A bat skeleton (D:4)
  3 giant cockroaches
  8 goblins
  11 hobgoblins
  4 jackals
  An ooze (D:3)
  2 quokkas
  2 ball pythons (D:3)
  5 giant newts
  12 kobolds
  8 rats
96 creatures vanquished.

Vanquished Creatures (others)
  A butterfly (D:4)
1 creature vanquished.

Grand Total: 97 creatures vanquished

Notes
Turn   | Place    | Note
--------------------------------------------------------------
     0 | D:1      | Fyery, the High Elf Enchanter, began the quest for the Orb.
     0 | D:1      | Reached XP level 1. HP: 11/11 MP: 4/4
   202 | D:1      | Reached XP level 2. HP: 12/17 MP: 4/6
   333 | D:1      | Learned a level 2 spell: Sure Blade
   926 | D:1      | Learned a level 2 spell: Ensorcelled Hibernation
  1046 | D:1      | Reached XP level 3. HP: 11/21 MP: 2/8
  2113 | D:2      | Reached skill level 4 in Stealth
  2113 | D:2      | Reached XP level 4. HP: 27/27 MP: 9/11
  2145 | D:2      | Found a white marble altar of Elyvilon.
  2195 | D:2      | Learned a level 3 spell: Confuse
  2256 | D:2      | Learned a level 1 spell: Freeze
  3526 | D:3      | Reached skill level 1 in Fighting
  3566 | D:3      | Found a burning altar of Makhleb.
  3566 | D:3      | Found a radiant altar of Vehumet.
  3571 | D:3      | Reached XP level 5. HP: 22/33 MP: 11/14
  3714 | D:3      | Became a worshipper of Vehumet
  4278 | D:4      | Noticed an ogre
  4292 | D:4      | Killed an ogre
  4292 | D:4      | Reached XP level 6. HP: 38/38 MP: 3/17
  4412 | D:4      | Found a shimmering altar of Xom.
  4440 | D:4      | Reached skill level 1 in Ice Magic
  4635 | D:4      | Noticed an ogre
  5033 | D:4      | Killed an ogre
  5262 | D:4      | Reached skill level 5 in Stealth
  5394 | D:4      | HP: 1/38 [something/magic dart (6)]
  5402 | D:4      | Killed from afar by an orc wizard

Action                   |  1- 3 |  4- 6 || total
-------------------------+-------+-------++-------
Melee: Dagger            |   161 |   138 ||   299
       Short sword       |       |    37 ||    37
 Cast: Corona            |    30 |    30 ||    60
       Sure Blade        |    12 |    14 ||    26
       Ensorcelled Hiber |       |    40 ||    40
       Freeze            |       |     1 ||     1
  Use: Scroll            |       |    10 ||    10
       Potion            |       |     3 ||     3
 Stab: Sleeping          |     7 |    23 ||    30
  Eat: Chunk             |     5 |     9 ||    14
       Bread ration      |       |     1 ||     1
